PIO (24 & UNDER)
SASKATOON SMOKIN' GUNS @ SALEM SLEDGEHAMMERS
05/12/2023
 
TOP OF THE 1ST
Saskatoon Smokin' Guns batting - Pitching for Salem Sledgehammers : LHP Carlos Castillo
Pitching: LHP Carlos Castillo
Batting: LHB Andrew Veeck 0-0: Ground out 6-3 (Groundball, 6)
Batting: RHB Eric Neal 0-0: Ball
1-0: Ball
2-0: Foul Ball, location: 2F
2-1: Foul Ball, location: 2F
2-2: Ball
3-2: Base on Balls
Batting: LHB Freddy Herrera 0-0: Ball
1-0: Called Strike
1-1: Ball
2-1: Ball
3-1: Called Strike
3-2: Strikes out looking
Batting: LHB Del Kennedy 0-0: Swinging Strike
0-1: Ball
1-1: Ball
2-1: Ball
3-1: Base on Balls
Eric Neal to second
Batting: RHB António Yánez 0-0: Ball
1-0: Foul Ball, location: 2F
1-1: Foul Ball, location: 2F
1-2: Strikes out swinging
Top of the 1st over - 0 run(s), 0 hit(s), 0 error(s), 2 left on base; Saskatoon 0 - Salem 0
BOTTOM OF THE 1ST
Salem Sledgehammers batting - Pitching for Saskatoon Smokin' Guns : RHP Bernardo Romero
Pitching: RHP Bernardo Romero
Batting: RHB William Richardson 0-0: Ball
1-0: Ball
2-0: Ball
3-0: Base on Balls
Batting: RHB Brandon Pope 0-0: Called Strike
0-1: Ball
1-1: Ball
2-1: Fly out, F9 (Flyball, 9S)
Batting: SHB Lee Townsend 0-0: Grounds into double play, 4-6-3 (Groundball, 4)
Bottom of the 1st over - 0 run(s), 0 hit(s), 0 error(s), 0 left on base; Saskatoon 0 - Salem 0
TOP OF THE 2ND
Saskatoon Smokin' Guns batting - Pitching for Salem Sledgehammers : LHP Carlos Castillo
Batting: RHB Pedro Núñez 0-0: Called Strike
0-1: Foul Ball, location: 2F
0-2: Foul Ball, location: 2F
0-2: Ball
1-2: Fly out, F6 (Popup, 5DF)
Batting: RHB Oliver Harris 0-0: Ball
1-0: Ball
2-0: Called Strike
2-1: Swinging Strike
2-2: Strikes out swinging
Batting: RHB Alvin Hampton 0-0: Called Strike
0-1: Called Strike
0-2: Ball
1-2: Ball
2-2: Strikes out looking
Top of the 2nd over - 0 run(s), 0 hit(s), 0 error(s), 0 left on base; Saskatoon 0 - Salem 0
BOTTOM OF THE 2ND
Salem Sledgehammers batting - Pitching for Saskatoon Smokin' Guns : RHP Bernardo Romero
Batting: SHB Pepe Piña 0-0: Swinging Strike
0-1: Ball
1-1: Hit by Pitch
Batting: SHB Júlio Salazar 0-0: Ball
1-0: Called Strike
1-1: Swinging Strike
1-2: Foul Ball, location: 2F
1-2: Strikes out swinging
Batting: LHB Brent Alonzo 0-0: Ball
1-0: Ball
2-0: Called Strike
2-1: Swinging Strike
2-2: Foul Ball, location: 2F
2-2: Ball
3-2: Foul Ball, location: 2F
3-2: Base on Balls
Pepe Piña to second
Batting: RHB Dale Reeves 0-0: Called Strike
0-1: Swinging Strike
0-2: Strikes out looking
Batting: RHB Fernando Pérez 0-0: Fielders Choice at 2nd, 6-4 (Groundball, 6)
Bottom of the 2nd over - 0 run(s), 0 hit(s), 0 error(s), 1 left on base; Saskatoon 0 - Salem 0
TOP OF THE 3RD
Saskatoon Smokin' Guns batting - Pitching for Salem Sledgehammers : LHP Carlos Castillo
Batting: RHB Kenny Thompson 0-0: Called Strike
0-1: Ground out 5-3 (Groundball, 56)
Batting: LHB Andrew Veeck 0-0: Ball
1-0: Called Strike
1-1: Ball
2-1: Swinging Strike
2-2: Ground out 5-3 (Groundball, 5)
Batting: RHB Eric Neal 0-0: Ball
1-0: Called Strike
1-1: Ground out 5-3 (Groundball, 5S)
Top of the 3rd over - 0 run(s), 0 hit(s), 0 error(s), 0 left on base; Saskatoon 0 - Salem 0
BOTTOM OF THE 3RD
Salem Sledgehammers batting - Pitching for Saskatoon Smokin' Guns : RHP Bernardo Romero
Batting: RHB Ryan Cates 0-0: Swinging Strike
0-1: Swinging Strike
0-2: Ball
1-2: Strikes out swinging
Batting: RHB William Richardson 0-0: Ball
1-0: Ball
2-0: Ball
3-0: Base on Balls
Batting: RHB Brandon Pope 0-0: Ball
1-0: Ball
2-0: Fly out, F9 (Flyball, 9M)
Batting: SHB Lee Townsend Pickoff Throw to First - Out!
Bottom of the 3rd over - 0 run(s), 0 hit(s), 0 error(s), 0 left on base; Saskatoon 0 - Salem 0
TOP OF THE 4TH
Saskatoon Smokin' Guns batting - Pitching for Salem Sledgehammers : LHP Carlos Castillo
Batting: LHB Freddy Herrera 0-0: Swinging Strike
0-1: Swinging Strike
0-2: Foul Ball, location: 2F
0-2: Ball
1-2: Strikes out swinging
Batting: LHB Del Kennedy 0-0: Ball
1-0: Swinging Strike
1-1: Foul Ball, location: 2F
1-2: Ground out 1-3 (Groundball, 25)
Batting: RHB António Yánez 0-0: Swinging Strike
0-1: Foul Ball, location: 2F
0-2: Ball
1-2: Ball
2-2: Ball
3-2: Base on Balls
Batting: RHB Pedro Núñez 0-0: Called Strike
0-1: Ball
António Yánez is caught stealing 2nd base
Top of the 4th over - 0 run(s), 0 hit(s), 0 error(s), 0 left on base; Saskatoon 0 - Salem 0
BOTTOM OF THE 4TH
Salem Sledgehammers batting - Pitching for Saskatoon Smokin' Guns : RHP Bernardo Romero
Batting: SHB Lee Townsend 0-0: Fly out, F8 (Flyball, 8RXD)
Batting: SHB Pepe Piña 0-0: Foul Ball, location: 2F
0-1: Ball
1-1: SINGLE (Groundball, 4MD)
Batting: SHB Júlio Salazar 0-0: Fielders Choice at 2nd, 3-6 (Groundball, 3)
Batting: LHB Brent Alonzo 0-0: Called Strike
0-1: Ball
1-1: Foul Ball, location: 2F
1-2: Foul Ball, location: 2F
1-2: SINGLE (Line Drive, 34D)
Júlio Salazar to second
Runner from 2nd tries for 3rd, SAFE, throw made to third
Batting: RHB Dale Reeves 0-0: Fly out, F9 (Flyball, 9M)
Bottom of the 4th over - 0 run(s), 2 hit(s), 0 error(s), 2 left on base; Saskatoon 0 - Salem 0
TOP OF THE 5TH
Saskatoon Smokin' Guns batting - Pitching for Salem Sledgehammers : LHP Carlos Castillo
Batting: RHB Pedro Núñez 0-0: Called Strike
0-1: Called Strike
0-2: Strikes out swinging
Batting: RHB Oliver Harris 0-0: Ball
1-0: Ball
2-0: Ball
3-0: Called Strike
3-1: Called Strike
3-2: Foul Ball, location: 2F
3-2: Strikes out swinging
Batting: RHB Alvin Hampton 0-0: Swinging Strike
0-1: Ball
1-1: Swinging Strike
1-2: Strikes out looking
Top of the 5th over - 0 run(s), 0 hit(s), 0 error(s), 0 left on base; Saskatoon 0 - Salem 0
BOTTOM OF THE 5TH
Salem Sledgehammers batting - Pitching for Saskatoon Smokin' Guns : RHP Bernardo Romero
Batting: RHB Fernando Pérez 0-0: Ball
1-0: Ball
2-0: Ball
3-0: Base on Balls
Batting: RHB Ryan Cates 0-0: Foul Ball, location: 2F
0-1: Ball
1-1: Ball
2-1: Fly out, F4 (Popup, 34)
Batting: RHB William Richardson 0-0: Fly out, F5 (Popup, 5F)
Batting: RHB Brandon Pope 0-0: Ball
1-0: Ball
Wild Pitch!
Fernando Pérez to second
2-0: Foul Ball, location: 2F
2-1: Ground out 6-3 (Groundball, 6M)
Bottom of the 5th over - 0 run(s), 0 hit(s), 0 error(s), 1 left on base; Saskatoon 0 - Salem 0
TOP OF THE 6TH
Saskatoon Smokin' Guns batting - Pitching for Salem Sledgehammers : LHP Carlos Castillo
Batting: RHB Kenny Thompson 0-0: Ball
1-0: Ball
2-0: Ball
3-0: Base on Balls
Batting: LHB Andrew Veeck 0-0: Grounds into double play, 6-4-3 (Groundball, 6)
Batting: RHB Eric Neal 0-0: Ball
1-0: Called Strike
1-1: Ball
2-1: DOUBLE (Flyball, 89M)
Pitching: LHP Nick Johnson
Batting: LHB Freddy Herrera 0-0: Foul Ball, location: 2F
0-1: Foul Ball, location: 2F
0-2: Ball
1-2: Ball
2-2: Ball
3-2: Ground out 6-3 (Groundball, 6M)
Top of the 6th over - 0 run(s), 1 hit(s), 0 error(s), 1 left on base; Saskatoon 0 - Salem 0
BOTTOM OF THE 6TH
Salem Sledgehammers batting - Pitching for Saskatoon Smokin' Guns : RHP Bernardo Romero
Batting: SHB Lee Townsend 0-0: Called Strike
0-1: Called Strike
0-2: Strikes out swinging
Batting: SHB Pepe Piña 0-0: Ball
1-0: Ball
2-0: Ball
3-0: Base on Balls
Batting: SHB Júlio Salazar 0-0: Ball
1-0: Ball
2-0: Called Strike
2-1: Foul Ball, location: 2F
2-2: Strikes out swinging
Batting: LHB Brent Alonzo 0-0: Called Strike
0-1: Ball
1-1: Ball
2-1: Foul Ball, location: 2F
2-2: Ball
3-2: Foul Ball, location: 2F
3-2: SINGLE (Line Drive, 7S)
Pepe Piña to second
Pepe Piña to third
Batting: RHB Dale Reeves 0-0: Foul Ball, location: 2F
0-1: Ball
1-1: Ball
2-1: Called Strike
2-2: Strikes out looking
Bottom of the 6th over - 0 run(s), 1 hit(s), 0 error(s), 2 left on base; Saskatoon 0 - Salem 0
TOP OF THE 7TH
Saskatoon Smokin' Guns batting - Pitching for Salem Sledgehammers : LHP Nick Johnson
Batting: LHB Del Kennedy 0-0: Called Strike
0-1: Fly out, F8 (Flyball, 8LS)
Batting: RHB António Yánez 0-0: Ball
1-0: Foul Ball, location: 2F
1-1: Foul Ball, location: 2F
1-2: Ball
2-2: Ground out 4-3 (Groundball, 34)
Batting: RHB Pedro Núñez 0-0: Ball
1-0: Ball
2-0: Called Strike
2-1: Ball
3-1: Base on Balls
Batting: RHB Oliver Harris 0-0: Called Strike
0-1: Ball
1-1: Ground out 5-3 (Groundball, 56S)
Top of the 7th over - 0 run(s), 0 hit(s), 0 error(s), 1 left on base; Saskatoon 0 - Salem 0
BOTTOM OF THE 7TH
Salem Sledgehammers batting - Pitching for Saskatoon Smokin' Guns : RHP Bernardo Romero
Pitching: RHP Allen Collins
Batting: RHB Fernando Pérez 0-0: Ball
1-0: Ball
2-0: Swinging Strike
2-1: Called Strike
2-2: Foul Ball, location: 2F
2-2: Strikes out swinging
Batting: RHB Ryan Cates 0-0: Ball
1-0: Ball
2-0: Foul Ball, location: 2F
2-1: Foul Ball, location: 2F
2-2: Strikes out swinging
Batting: RHB William Richardson 0-0: Ball
1-0: Fly out, F8 (Line Drive, 78M)
Bottom of the 7th over - 0 run(s), 0 hit(s), 0 error(s), 0 left on base; Saskatoon 0 - Salem 0
TOP OF THE 8TH
Saskatoon Smokin' Guns batting - Pitching for Salem Sledgehammers : LHP Nick Johnson
Batting: RHB Alvin Hampton 0-0: Ball
1-0: Swinging Strike
1-1: Foul Ball, location: 2F
1-2: Strikes out looking
Batting: RHB Kenny Thompson 0-0: Called Strike
0-1: Swinging Strike
0-2: Strikes out looking
Pinch Hitting: RHB Gary Spencer 0-0: Fly out, F8 (Flyball, 8RM)
Top of the 8th over - 0 run(s), 0 hit(s), 0 error(s), 0 left on base; Saskatoon 0 - Salem 0
BOTTOM OF THE 8TH
Salem Sledgehammers batting - Pitching for Saskatoon Smokin' Guns : RHP Allen Collins
Now in LF: José Suárez
Batting: RHB Brandon Pope 0-0: Ball
1-0: Foul Ball, location: 2F
1-1: SINGLE (Line Drive, 9S)
Batting: SHB Lee Townsend 0-0: Ball
1-0: Foul Ball, location: 2F
1-1: SINGLE (Line Drive, 9S)
Brandon Pope to second
Batting: SHB Pepe Piña 0-0: Ball
1-0: Ball
2-0: Called Strike
2-1: Ball
3-1: Base on Balls
Brandon Pope to third
Lee Townsend to second
Pinch Hitting: RHB B.J. Allen 0-0: Swinging Strike
0-1: Called Strike
0-2: SINGLE (Groundball, 4D)
Brandon Pope scores
Lee Townsend to third
Pepe Piña to second
Batting: LHB Brent Alonzo 0-0: Ball
1-0: Ball
2-0: Ball
3-0: Base on Balls
Lee Townsend scores
Pepe Piña to third
B.J. Allen to second
Pinch Hitting: RHB Earnest Finnegan 0-0: Called Strike
0-1: SINGLE (Line Drive, 78M)
Pepe Piña scores
B.J. Allen to third
Brent Alonzo to second
Pitching: RHP Lorenzo Montáñez
Batting: RHB Fernando Pérez 0-0: Ball
1-0: Ball
2-0: Grounds into fielders choice 6-2 (Groundball, 6)
Brent Alonzo to third
Earnest Finnegan to second
Batting: RHB Ryan Cates 0-0: Ball
1-0: Called Strike
1-1: Called Strike
1-2: Strikes out swinging
Batting: RHB William Richardson 0-0: Foul Ball, location: 2F
0-1: Ball
1-1: Foul Ball, location: 2F
1-2: Ball
2-2: Foul Ball, location: 2F
2-2: Ball
3-2: SINGLE (Groundball, 56D)
Brent Alonzo scores
Earnest Finnegan to third
Fernando Pérez to second
Earnest Finnegan scores
Fernando Pérez to third
Batting: RHB Brandon Pope 0-0: Ball
William Richardson steals 2nd base
1-0: Ground out 1-3 (Groundball, 13S)
Bottom of the 8th over - 5 run(s), 5 hit(s), 0 error(s), 2 left on base; Saskatoon 0 - Salem 5
TOP OF THE 9TH
Saskatoon Smokin' Guns batting - Pitching for Salem Sledgehammers : LHP Nick Johnson
Now in LF: Earnest Finnegan
Now in RF: B.J. Allen
Batting: RHB Eric Neal 0-0: Called Strike
0-1: Ball
1-1: Ball
2-1: Ball
3-1: Foul Ball, location: 2F
3-2: Base on Balls
Batting: LHB Freddy Herrera 0-0: Ball
1-0: Ball
2-0: Foul Ball, location: 2F
2-1: Called Strike
2-2: Strikes out looking
Batting: LHB Del Kennedy 0-0: Called Strike
0-1: Swinging Strike
0-2: Strikes out swinging
Batting: RHB António Yánez 0-0: Ball
1-0: Called Strike
1-1: Foul Ball, location: 2F
1-2: Ball
2-2: Ball
3-2: Fly out, F8 (Flyball, 8RS)
Top of the 9th over - 0 run(s), 0 hit(s), 0 error(s), 1 left on base; Saskatoon 0 - Salem 5
This league is powered by Out of the Park Baseball, the baseball management simulation game for PC, Mac and Linux
Wednesday, December 2nd, 2015 - OOTP Baseball 16.8 Build 38